 Dungeon Crawl Stone Soup version 0.28-a0-1447-ga5a8893891 (webtiles) character file.

Game seed: 15293902447268717600

72 lunkers the Grave Robber (level 4, -4/30 HPs)
             Began as a Vampire Necromancer on Jan 12, 2022.
             Slain by a wyvern skeleton (15 damage)
             ... on level 3 of the Dungeon.
             The game lasted 00:03:34 (2380 turns).

lunkers the Grave Robber (Vampire Necromancer)      Turns: 2380, Time: 00:03:35

Health: -4/30      AC:  2    Str:  7    XL:     4   Next: 6%
Magic:  8/8        EV: 12    Int: 19    God:
Gold:   70         SH:  0    Dex: 14    Spells: 7/8 levels left

rFire   . . .      SeeInvis +   b - staff of death
rCold   . . .      Faith    .   (no shield)
rNeg    + . .      Spirit   .   a - +0 robe
rPois   .          Reflect  .   (no helmet)
rElec   .          Harm     .   (no cloak)
rCorr   .          Rampage  .   (no gloves)
Will    .....                   (no boots)
Stlth   ++........              (no amulet)
HPRegen 0.30/turn               (no ring)
MPRegen 0.11/turn               (no ring)

@: healing quickly
A: alive, fangs 3, see invisible, vampiric 2
a: Exsanguinate


You were on level 3 of the Dungeon.
You visited 1 branch of the dungeon, and saw 3 of its levels.

You collected 70 gold pieces.

Inventory:

Armour
 a - a +0 robe (worn)
Magical Staves
 b - a staff of death (weapon)
Scrolls
 c - a scroll of immolation
 d - 2 scrolls of fear {unknown}
 e - a scroll of enchant weapon {unknown}
 g - a scroll of brand weapon {unknown}
 j - a scroll of identify {unknown}
Potions
 f - a potion of might {unknown}
 h - a potion of flight {unknown}
 i - 3 potions of curing {unknown}


   Skills:
 - Level 2.1 Dodging
 - Level 3.0 Stealth
 + Level 2.7 Spellcasting
 * Level 5.7 Necromancy


You had 7 spell levels left.
You knew the following spells:

 Your Spells              Type           Power      Damage    Failure   Level
a - Pain                  Necr           100%       1d9       1%          1

Your spell library contained the following spells:

 Spells                   Type           Power      Damage    Failure   Level
 Animate Skeleton         Necr           72%        N/A       1%          1
 Vampiric Draining        Necr           36%        2d8       4%          3
 Animate Dead             Necr           18%        N/A       14%         4
 Agony                    Necr           36%        N/A       38%         5


Dungeon Overview and Level Annotations

Branches:
Dungeon (3/15)

Altars:

Shops:
D:2 (


Innate Abilities, Weirdness & Mutations

Your natural rate of healing is accelerated.
You have razor-sharp teeth.
You have supernaturally acute eyesight. (SInv)
You are afflicted with vampirism and can become a bat while bloodless.


Message History

No target in view!
No target in view!
HP restored.
Magic restored.
There is a stone staircase leading up here.
A wyvern skeleton comes into view.
A wyvern skeleton is nearby!
A wyvern skeleton is nearby!
Casting: Pain (safe; 1% risk of failure)
Confirm with . or Enter, or press ? or * to list all spells.
You can't see any susceptible monsters within range! (Use Z to cast anyway.)
Casting: Pain (safe; 1% risk of failure)
Confirm with . or Enter, or press ? or * to list all spells.
You can't see any susceptible monsters within range! (Use Z to cast anyway.)
You aren't carrying any items that you can evoke.
The wyvern skeleton closely misses you. The wyvern skeleton bites you.
You hit the wyvern skeleton but do no damage.
You bite the wyvern skeleton, but do no damage.
The wyvern skeleton bites you!
* * * LOW HITPOINT WARNING * * *
The wyvern skeleton barely misses you. The wyvern skeleton barely misses you.
The wyvern skeleton closely misses you. The wyvern skeleton closely misses you.
There is a stone staircase leading up here.
The wyvern skeleton closely misses you.
The wyvern skeleton bites you but does no damage.
You climb upwards.
There is a stone staircase leading down here.
You start resting.
HP restored.
You climb downwards.
The wyvern skeleton barely misses you.
There is a stone staircase leading up here.
You hit the wyvern skeleton.
The wyvern skeleton is lightly damaged.
The wyvern skeleton bites you! x2
* * * LOW HITPOINT WARNING * * *
The wyvern skeleton bites you!
Ouch! That really hurt!
You die...

#.. #+# ... #.# #.# #.#
#.# ##.## #.# ##..†##
#.# #.@...# #.#
########.Z.## #.#
........#.############.#
#######................#
###.############## #.#
#.# #.# #.#


You could see a wyvern skeleton.

Vanquished Creatures
  2 adders (D:2)
  A worm (D:2)
  A dart slug (D:1)
  An orc (D:2)
  3 endoplasms (D:1)
  3 giant cockroaches
  A goblin (D:2)
  8 hobgoblins
  3 jackals (D:2)
  4 quokkas
  3 ball pythons
  4 bats
  4 frilled lizards
  3 kobolds
  3 rats
44 creatures vanquished.

Notes
Turn   | Place    | Note
-------+----------+-------------------------------------------
     0 | D:1      | lunkers the Vampire Necromancer began the quest for the
                  | Orb.
     0 | D:1      | Reached XP level 1. HP: 13/13 MP: 3/3
   264 | D:1      | Reached XP level 2. HP: 18/19 MP: 3/5
   627 | D:1      | Reached skill level 5 in Necromancy
  1015 | D:2      | Found Qiesushre's Weapon Emporium.
  1075 | D:2      | Found a faded altar of an unknown god.
  1131 | D:2      | Gained mutation: You are afflicted with vampirism and can
                  | become a bat while bloodless. [Vampire growth]
  1131 | D:2      | Reached XP level 3. HP: 22/24 MP: 3/6
  1255 | D:2      | HP: 1/24 [adder (4)]
  1950 | D:2      | Reached XP level 4. HP: 28/30 MP: 4/8
  2380 | D:3      | Slain by a wyvern skeleton

Illustrated notes

Levels and vault maps discovered:
D:1:      dpeg_arrival_central, layout_basic
D:2:      layout_loops_corners, serial_shops, shop,
          shapermc_ecumenical_altar_acropolis, minmay_circle_x
D:3:      layout_loops_corners, amethyst_overflow_temple_binary

Skill      XL: |  1  2 |
---------------+-------+-----
Necromancy     | 5 |  5.7
Dodging        | |  2.1
Stealth        | |  3.0
Spellcasting   | |  2.7

Action                   |  1- 3 |  4- 6 || total
-------------------------+-------+-------++-------
Melee: Staff             |    25 |     2 ||    27
       Bite              |     1 |     1 ||     2
       Punch             |     1 |       ||     1
 Cast: Pain              |    71 |     4 ||    75
  Use: Scroll            |     1 |       ||     1
       Potion            |     1 |       ||     1
Armor: Robe              |     6 |     2 ||     8
Dodge: Dodged            |    33 |     7 ||    40

Table legend: (Time is in decaauts)
 A = Elapsed time spent in this place.
 B = Non-inter-level travel time spent in this place.
 C = Inter-level travel time spent in this place.
 D = Time resting spent in this place.
 E = Time spent auto-exploring this place.
 F = Levels seen in this place.
 G = Mean time per level.
                   A        B        C        D        E       F      G
               +--------+--------+--------+--------+--------+-----+--------+
         Total |   2386 |   2289 |     97 |     27 |   1994 |   3 |  795.3 |
       Dungeon |   2386 |   2289 |     97 |     27 |   1994 |   3 |  795.3 |
               +--------+--------+--------+--------+--------+-----+--------+

Top non-repeatable levels by time:
     D:2: 1416 daAuts
     D:1: 901 daAuts
     D:3: 68 daAuts
